 Dungeon Crawl Stone Soup version 0.31-a0-424-g41b3b0883d (webtiles) character file.

Game seed: 10632594059723933009

5425 MacCMillion the Grappler (level 10, -9/96 HPs)
             Began as a Troll Shapeshifter on July 30, 2023.
             Was an Elder of Okawaru.
             Shot with an arrow by a centaur warrior (24 damage)
             ... on level 8 of the Dungeon.
             The game lasted 00:19:11 (7522 turns).

MacCMillion the Grappler (Troll Shapeshifter)       Turns: 7522, Time: 00:19:12

Health: -9/96      AC:  7    Str: 29    XL:     10   Next: 40%
Magic:  11/11      EV: 14    Int:  4    God:    Okawaru [****..]
Gold:   1546       SH:  0    Dex: 10    Spells: 9/9 levels left

rFire   + .          .
                       - Unarmed
rCold   x . .        (no shield)
rNeg    . . .        G - +0 steam dragon scales
rPois   .            (helmet currently unavailable)
rElec   .            (cloak currently unavailable)
rCorr   .            (gloves unavailable)
SInv    .            (boots unavailable)
Will    .....        k - amulet of regeneration
Stlth   +            z - ring of fire
HPRegen 1.96/turn    y - +5 ring of evasion
MPRegen 0.12/turn

%: no passive effects
@: beast-form, studying Shapeshifting
A: beast (slay +7), large, unfitting armour, claws 3, regeneration 1, shaggy fur
1, tough skin 1
a: Begin Untransformation, Renounce Religion, Heroism, Finesse


You were on level 8 of the Dungeon.
You worshipped Okawaru.
Okawaru was greatly pleased with you.
You were a hulking beast.
You visited 1 branch of the dungeon, and saw 8 of its levels.
You also visited: Sewer.

You collected 1546 gold pieces.

Inventory:

Missiles
 n - 17 poisoned darts
 p - 6 large rocks
 E - 2 silver javelins
Armour
 a - a +0 animal skin
 G - +0 steam dragon scales (worn)
Jewellery
 f - a ring of positive energy
 i - the amulet "Jihysuff" {Reflect Fragile rElec Dex+4 SH+5 SInv}
   (You acquired it on level 7 of the Dungeon)

   [amulet of reflection]

   It reflects blocked missile attacks.
   Dex:       It affects your dexterity (+4).
   rElec:     It insulates you from electricity.
   SInv:      It lets you see invisible.
   Fragile:   It will be destroyed if unequipped.
   SH:        It affects your SH (+5).
 k - an amulet of regeneration (around neck)
 u - a +6 ring of intelligence
 y - a +5 ring of evasion (right claw)
 z - a ring of fire (left claw)
Talismans
 c - a beast talisman (active)
 D - a blade talisman
Wands
 t - a wand of iceblast (6)
 F - a wand of flame (16)
 H - a wand of digging (12)
 N - a wand of quicksilver (9)
Scrolls
 g - 6 scrolls of teleportation
 o - a scroll of blinking {unknown}
 q - 2 scrolls of identify
 r - 2 scrolls of enchant armour
 s - 2 scrolls of enchant weapon
 w - a scroll of noise {unknown}
 x - 2 scrolls of vulnerability {unknown}
 C - a scroll of fear {unknown}
 I - 2 scrolls of fog {unknown}
 K - 2 scrolls of poison {unknown}
 L - 2 scrolls of revelation {unknown}
 M - 2 scrolls of immolation {unknown}
Potions
 b - 2 potions of lignification
 d - a potion of brilliance
 e - 3 potions of attraction
 h - 7 potions of heal wounds
 j - 4 potions of curing
 l - a potion of might
 m - a potion of mutation {unknown}
 v - a potion of resistance {unknown}
 A - 2 potions of cancellation
 B - a potion of berserk rage {unknown}
 J - 2 potions of enlightenment {unknown}


   Skills:
 + Level 5.3 Fighting
 - Level 3.0 Throwing
 - Level 1.5 Dodging
 - Level 11.0 Unarmed Combat
 - Level 3.0 Invocations
 + Level 10.2 Shapeshifting


You had 9 spell levels left.
You didn't know any spells.
Your spell library contained the following spells:

 Spells                   Type           Power      Damage    Failure   Level
 Kiss of Death            Conj/Necr      0%         2d5       50%         1
 Blink                    Tloc           0%         N/A       65%         2
 Lesser Beckoning         Tloc           0%         N/A       65%         2
 Momentum Strike          Conj/Tloc      0%         3d8       65%         2
 Confusing Touch          Hex            0%         N/A       86%         3
 Dispel Undead            Necr           0%         3d6       99%         4


Dungeon Overview and Level Annotations

Branches:
Dungeon (8/15)             Temple (0/1) D:7           Sewer (visited)
   Lair: D:8-11

Altars:
Cheibriados
Elyvilon
Gozag
Hepliaklqana
Makhleb
Nemelex Xobeh
Okawaru
Uskayaw
Yredelemnul


Innate Abilities, Weirdness & Mutations

You are a hulking beast.
Your limbs bulge with bestial killing power. (Slay +7)
You are too large for most types of armour.
You have claws for hands.
Your natural rate of healing is unusually fast.
You are covered in fur. (AC +1)
You have tough skin. (AC +1)


Message History

An efreet comes into view.
It is wielding a +1 scimitar of flaming.
The efreet gestures at you. The bolt of fire hits you!!
You hear two shouts!
You hear a shout!
A two-headed ogre comes into view. It is wielding two +0 dire flails.
You hear a horrible gurgling sound!
You're wearing all the rings you can.
Remove which one? (? for menu, Esc to cancel) < or
f - a ring of positive energy; > or
y - a +5 ring of evasion You remove your ring of positive energy.
You feel more attuned to fire.
z - a ring of fire (left claw)
A centaur warrior comes into view.
A bullfrog comes into view.
The bullfrog moves out of view.
The centaur warrior wields a +0 shortbow.
The centaur warrior shoots an arrow.
The arrow closely misses you.
Items here: )) [ †.
The centaur warrior shoots an arrow.
The arrow hits you.
The centaur warrior shoots an arrow.
The arrow barely misses you.
The centaur warrior shoots an arrow.
The arrow barely misses you.
You see here a +0 ring mail.
The centaur warrior shoots an arrow.
The arrow misses you.
There is an open door here.
There is an open door here.
The centaur warrior shoots an arrow.
The arrow hits you!
You see here a +0 plate armour.
The centaur warrior shoots an arrow.
The arrow hits you!
The centaur warrior shoots an arrow.
The arrow hits you!
The centaur warrior shoots an arrow.
The arrow hits you!
The centaur warrior shoots an arrow.
The arrow hits you!
The centaur warrior shoots an arrow.
The arrow hits you.
The centaur warrior shoots an arrow.
The arrow hits you!!
The centaur warrior shoots an arrow.
The arrow hits you!
* * * LOW HITPOINT WARNING * * *
You feel much better.
The centaur warrior shoots an arrow.
The arrow hits you!!
The centaur warrior shoots an arrow.
The arrow hits you!
* * * LOW HITPOINT WARNING * * *
The centaur warrior shoots an arrow.
The arrow hits you!!
You die...

#.##...#..##....#.≈[..≈.#
......#........+.......+
......#.#.#...[####+####
......#......#.# .#
.......#.#..c.###..#
#...#...O.##.>...##
##))....##.........
#)).#......####....
##<#.h....### .##
#.)))..P....# #
#...............
...P.P.P...........
......P...P.PP.......
...#.P.P[##+#.P......
.<.......# #P..P....
.....P...# #..P.....
..#PP...#


You could see a centaur warrior and a two-headed ogre.

Vanquished Creatures
  A two-headed ogre (D:7)
  Joseph (D:8)
  Sigmund (D:6)
  3 yaks (D:8)
  A steam dragon (D:6)
  A water moccasin (D:7)
  A sky beast (D:6)
  4 black bears
  4 ice beasts
  An ogre (D:7)
  2 centaurs
  3 phantoms
  A kobold brigand (D:6)
  8 bullfrogs
  6 scorpions
  7 killer bees (D:7)
  3 howler monkeys (D:7)
  2 hounds
  A jelly (D:5)
  8 orc priests
  A sleepcap (D:7)
  Jessica (D:2)
  3 gnoll boudas
  5 iguanas
  7 orc wizards
  11 gnolls
  8 adders
  3 worms (D:2)
  2 dart slugs
  21 orcs
  18 ball pythons
  5 bats
  19 endoplasms
  18 giant cockroaches
  9 goblins
  5 hobgoblins
  7 quokkas
  9 frilled lizards
  9 kobolds
  4 rats
224 creatures vanquished.

Notes
Turn   | Place    | Note
-------+----------+-------------------------------------------
     0 | D:1      | MacCMillion the Troll Shapeshifter began the quest for the
                  | Orb.
     0 | D:1      | Reached XP level 1. HP: 18/18 MP: 0/0
    43 | D:1      | Found a faded altar of an unknown god.
   292 | D:1      | Reached XP level 2. HP: 23/26 MP: 1/1
   829 | D:2      | Reached skill level 4 in Unarmed Combat
   843 | D:2      | Noticed Jessica
   851 | D:2      | Killed Jessica
   852 | D:2      | Reached XP level 3. HP: 32/32 MP: 2/2
  1134 | D:2      | Reached XP level 4. HP: 40/40 MP: 3/3
  1197 | D:2      | Reached skill level 5 in Unarmed Combat
  1654 | D:3      | Found an opulent altar of Gozag.
  1949 | D:3      | Found a glowing drain.
  1963 | Sewer    | Entered a sewer
  1985 | Sewer    | Reached XP level 5. HP: 46/46 MP: 4/4
  2317 | Sewer    | Reached skill level 6 in Unarmed Combat
  2761 | Sewer    | Reached skill level 7 in Unarmed Combat
  2761 | Sewer    | Reached XP level 6. HP: 45/54 MP: 5/5
  3387 | D:4      | Reached skill level 8 in Unarmed Combat
  3487 | D:4      | Reached XP level 7. HP: 57/61 MP: 6/6
  3493 | D:4      | Reached skill level 1 in Throwing
  3804 | D:4      | Found an iron altar of Okawaru.
  3804 | D:4      | Found a basalt altar of Yredelemnul.
  3829 | D:4      | Became a worshipper of Warmaster Okawaru
  4087 | D:5      | Entered Level 5 of the Dungeon
  4097 | D:5      | Reached skill level 1 in Invocations
  4239 | D:5      | Found a hazy altar of Hepliaklqana.
  4610 | D:5      | Identified the +3 flail of Gluttony {spect, Str-4 Int+4
                  | Dex+3}
  4690 | D:5      | Reached skill level 1 in Fighting
  4783 | D:5      | Reached XP level 8. HP: 42/71 MP: 9/9
  4918 | D:5      | Found a white marble altar of Elyvilon.
  4923 | D:5      | Found a burning altar of Makhleb.
  5044 | D:6      | Noticed Sigmund
  5343 | D:6      | Reached * piety under Okawaru
  5399 | D:6      | Found a hide-covered altar of Uskayaw.
  5709 | D:6      | Killed Sigmund
  5710 | D:6      | Reached skill level 9 in Unarmed Combat
  5947 | D:6      | Reached XP level 9. HP: 79/84 MP: 10/10
  5999 | D:6      | Reached skill level 10 in Unarmed Combat
  6080 | D:6      | Reached ** piety under Okawaru
  6521 | D:7      | Identified 3 scrolls of acquirement
  6525 | D:7      | Acquired the amulet "Jihysuff" {Reflect Fragile rElec Dex+4
                  | SH+5 SInv}
  6527 | D:7      | Acquired 1029 gold pieces
  6529 | D:7      | Acquired a manual of Shapeshifting
  6541 | D:7      | Reached skill level 11 in Unarmed Combat
  6556 | D:7      | Noticed a two-headed ogre
  6563 | D:7      | Killed a two-headed ogre
  6563 | D:7      | Reached *** piety under Okawaru
  6638 | D:7      | Found a sparkling altar of Nemelex Xobeh.
  6718 | D:7      | Found a staircase to the Ecumenical Temple.
  6976 | D:7      | Reached XP level 10. HP: 92/92 MP: 11/11
  7199 | D:7      | Reached **** piety under Okawaru
  7395 | D:8      | Found a snail-covered altar of Cheibriados.
  7433 | D:8      | Noticed Joseph
  7436 | D:8      | Killed Joseph
  7437 | D:8      | Reached skill level 5 in Fighting
  7444 | D:8      | Reached skill level 10 in Shapeshifting
  7469 | D:8      | Noticed a two-headed ogre
  7475 | D:8      | Noticed a centaur warrior
  7522 | D:8      | Shot with an arrow by a centaur warrior

Illustrated notes

Levels and vault maps discovered:
D:1:      erik_arrival_blinker_ship, layout_basic, basic_ecumenical_altar
D:2:      minmay_chambers_of_ones, layout_basic, solitary_fountain, uniq_jessica
D:3:      layout_basic, grunt_gozag_statues, portal_sewer_entry_f
D:4:      layout_basic, gammafunk_temple_overflow_elements, st_stairs_10
D:5:      layout_loops_corners, minitemple, mainiacjoe_overflow_cross_hatched
D:6:      layout_loops_ring, mainiacjoe_overflow_concentric_impassable,
          hangedman_abyss_or_decor_slice, st_stairs_7, minmay_misc_feat_square,
          minmay_puff, uniq_sigmund
D:7:      layout_loops_ring, mainiacjoe_overflow_alcove_1,
          minmay_temple_entry_trees, grunt_ministairs_5
D:8:      minmay_bloctagon_deflated, layout_rooms,
          mainiacjoe_overflow_six_doors_small, grunt_lair_entry_orc_guard_hut,
          serial_glass, glass_columns_b, glass_columns_a, uniq_joseph

Skill      XL: |  1  2  3  4  5  6  7  8  9 10 |
---------------+-------------------------------+-----
Unarmed Combat | 4 5 7 8 9 11 | 11.0
Throwing       | 3 |  3.0
Invocations    | 3 |  3.0
Fighting       | 1 4 5 |  5.3
Shapeshifting  | 8 10 | 10.2
Dodging        | |  1.5

Action                     |  1- 3 |  4- 6 |  7- 9 | 10-12 || total
---------------------------+-------+-------+-------+-------++-------
  Melee: Unarmed           |    66 |   187 |   195 |    54 ||   502
         Punch             |     4 |     4 |    14 |       ||    22
    Use: Scroll            |       |       |    13 |       ||    13
         Potion            |       |       |       |     1 ||     1
 Armour: Animal skin       |    13 |    55 |    29 |       ||    97
         Steam dragon scal |       |       |    12 |    19 ||    31
  Dodge: Dodged            |    24 |    71 |    95 |    71 ||   261

Table legend: (Time is in decaauts)
 A = Elapsed time spent in this place.
 B = Non-inter-level travel time spent in this place.
 C = Inter-level travel time spent in this place.
 D = Time resting spent in this place.
 E = Time spent auto-exploring this place.
 F = Levels seen in this place.
 G = Mean time per level.
                   A        B        C        D        E       F      G
               +--------+--------+--------+--------+--------+-----+--------+
         Total |   7453 |   7056 |    397 |    960 |   4174 |   9 |  828.1 |
       Dungeon |   6635 |   6238 |    397 |    455 |   4167 |   8 |  829.4 |
         Sewer |    818 |    818 |      0 |    505 |      7 |   1 |  818.0 |
               +--------+--------+--------+--------+--------+-----+--------+

Top non-repeatable levels by time:
     D:6: 1155 daAuts
     D:5: 1073 daAuts
     D:7: 974 daAuts
     D:3: 932 daAuts
     D:1: 870 daAuts
   Sewer: 818 daAuts
     D:4: 758 daAuts
     D:2: 677 daAuts
     D:8: 192 daAuts
